 Dungeon Crawl Stone Soup version 0.26.1-11-gd32895ea62 (webtiles) character file.

Game seed: 3217826855040167353

4768 bnorton916 the Thaumaturge (level 10, -3/50 HPs)
             Began as a Deep Elf Conjurer on July 14, 2021.
             Was a Follower of Vehumet.
             Slain by a troll (9 damage)
             ... on level 8 of the Dungeon.
             The game lasted 00:21:22 (10393 turns).

bnorton916 the Thaumaturge (Deep Elf Conjurer)     Turns: 10393, Time: 00:21:23

Health: -3/50      AC:  5    Str:  5    XL:     10   Next: 23%
Magic:  11/26      EV: 13    Int: 26    God:    Vehumet [*.....]
Gold:   574        SH:  0    Dex: 13    Spells: 14/30 levels left

rFire    . . .     SeeInvis .   c - +1 dagger (venom)
rCold    . . .     Faith    .   (no shield)
rNeg     + . .     Spirit   .   a - +0 robe
rPois    .         Reflect  .   s - +1 helmet
rElec    .         Harm     .   (no cloak)
rCorr    .         Rampage  .   (no gloves)
Will     ++...                  L - +0 pair of boots
Stlth    ++........             (no amulet)
HPRegen  0.16/turn              C - ring of willpower
MPRegen  0.20/turn              K - ring of positive energy

@: studying Air Magic
A: no striking features
a: Renounce Religion


You were on level 8 of the Dungeon.
You worshipped Vehumet.
Vehumet was aware of your devotion.
You visited 2 branches of the dungeon, and saw 10 of its levels.

You collected 574 gold pieces.

Inventory:

Hand Weapons
 c - a +1 dagger of venom (weapon)
 E - a +2 dagger of protection
 I - a +2 dagger of flaming
Armour
 a - a +0 robe (worn)
 s - a +1 helmet (worn)
 G - a +2 leather armour of positive energy
 L - a +0 pair of boots (worn)
Jewellery
 u - an uncursed ring of fire
 C - a ring of willpower (left hand)
 H - an uncursed ring of protection from fire
 K - a ring of positive energy (right hand)
Wands
 m - a wand of polymorph (8)
 o - a wand of paralysis (5)
 w - a wand of acid (18)
 y - a wand of flame (12)
 F - a wand of disintegration (15)
Scrolls
 e - 2 scrolls of enchant weapon {unknown}
 f - 5 scrolls of teleportation {unknown}
 k - 9 scrolls of remove curse
 n - 4 scrolls of blinking {unknown}
 p - 3 scrolls of enchant armour {unknown}
 x - a scroll of noise {unknown}
 z - a scroll of fog {unknown}
 B - 2 scrolls of magic mapping {unknown}
 J - a scroll of random uselessness {unknown}
Potions
 b - 3 potions of lignification
 d - a potion of brilliance
 g - a potion of curing
 h - 5 potions of cancellation
 i - 4 potions of heal wounds
 j - 2 potions of haste
 l - 2 potions of berserk rage
 q - a potion of attraction
 r - a potion of invisibility
 t - 4 potions of degeneration {unknown}
 v - 4 potions of might {unknown}
Books
 A - a manual of Air Magic


   Skills:
 - Level 2.4 Dodging
 - Level 2.4 Stealth
 + Level 10.5 Spellcasting
 + Level 9.6 Conjurations
 + Level 9.0 Hexes
 + Level 6.5 Translocations
 + Level 6.2 Air Magic


You had 14 spell levels left.
You knew the following spells:

 Your Spells              Type           Power        Failure   Level
a - Magic Dart            Conj           100%         1%          1
b - Searing Ray           Conj           100%         1%          2
c - Dazzling Flash        Conj/Hex       100%         1%          3
d - Fulminant Prism       Conj/Hex       29%          1%          4
e - Iskenderun's Mystic   Conj/Tloc      54%          1%          4
f - Swiftness             Air            46%          1%          2

Your spell library contained the following spells:

 Spells                   Type           Power        Failure   Level
 Sandblast                Erth           26%          4%          1
 Shock                    Conj/Air       100%         1%          1
 Static Discharge         Conj/Air       53%          1%          3
 Airstrike                Air            23%          3%          4
 Animate Skeleton         Necr           26%          4%          1
 Pain                     Necr           52%          4%          1
 Lightning Bolt           Conj/Air       26%          4%          5
 Vampiric Draining        Necr           6%           13%         3
 Animate Dead             Necr           6%           41%         4
 Agony                    Necr           13%          77%         5


Dungeon Overview and Level Annotations

Branches:
Dungeon (9/15)             Temple (1/1) D:7
   Lair: D:8-11         Orc: D:9-12

Altars:
Ashenzari
Cheibriados
Dithmenos
Elyvilon
Fedhas
Gozag
Hepliaklqana
Kikubaaqudgha
Makhleb
Nemelex Xobeh
Okawaru
Qazlal
Ru
Sif Muna
Trog
Uskayaw
Vehumet
Wu Jian
Xom
Yredelemnul
Zin
The Shining One

Shops:
D:6 (

Annotations:
D:8 3 runed translucent doors, vvl's ghost, novice OpFi


Message History

The searing ray hits the troll!
The troll is heavily wounded.
The troll bites you! The troll claws you!
* * * LOW HITPOINT WARNING * * *
The troll claws you.
* * * LOW HITPOINT WARNING * * *
There is a stone staircase leading up here.
The troll bites you.
* * * LOW HITPOINT WARNING * * *
The troll closely misses you. The troll barely misses you.
You climb upwards.
Level annotation: 3 runed translucent doors, vvl's ghost, novice OpFi
There is a stone staircase leading down here.
Okay, then.
Casting: Searing Ray (safe; 1% risk of failure)
Confirm with . or Enter, or press ? or * to list all spells.
You erupt in a blast of force!
The mystic blast hits the troll!
The troll is severely wounded.
The troll misses you. The troll claws you!
You die...

......## #....#......#......#
#####..# #....#......#......#
#.####.# #....'......'.......
#.#_≈#.# #.####......#.......
#.#.##.# #...........#.......
'.#.'..# #...........####'###
#.#.#### #...........#......#
###_§# #...........#......#
#.############..@..###'###.......
#..##.#......#...T.#.............
#............#.....#....#########
#............'.....#....##......#
#..........#######.#######......#
#######....#W#.#.#.......#......'
#....#####.#WW...#.......'......#
.....#.....+.W..8#.......#......#
.....'.....+...[W#.......########


You could see a troll.

Vanquished Creatures
  A gargoyle (D:6)
  6 yaks (D:8)
  A wyvern (D:9)
  A basilisk (D:9)
  Menkaure (D:6)
  A water moccasin (D:9)
  4 black bears
  2 sky beasts (D:8)
  A necrophage (D:5)
  An ice beast (D:7)
  4 ogres
  3 wolves (D:9)
  A centaur (D:8)
  2 big kobolds (D:8)
  A bullfrog (D:5)
  2 wyvern skeletons
  4 scorpions
  A wight (D:6)
  3 orc priests
  2 jellies (D:5)
  3 hounds
  15 orc wizards
  2 iguanas
  Ijyb (D:3)
  2 worker ants
  2 hound skeletons
  A howler monkey skeleton (D:6)
  A howler monkey zombie (D:6)
  10 gnolls
  10 adders
  A shadow imp (D:6)
  A white imp (D:6)
  An ufetubus (D:6)
  3 oozes
  2 adder zombies
  A worm (D:5)
  A dart slug (D:4)
  2 leopard geckos
  23 orcs
  4 giant cockroaches
  3 goblins
  6 hobgoblins
  5 jackals
  6 quokkas
  5 bats
  5 frilled lizards
  2 jackal zombies
  9 kobolds
  A quokka zombie (D:5)
  8 rats
178 creatures vanquished.

Vanquished Creatures (others)
  28 fulminant prisms
  4 fungi (D:9)
  15 plants
47 creatures vanquished.

Grand Total: 225 creatures vanquished

Notes
Turn   | Place    | Note
-------+----------+-------------------------------------------
     0 | D:1      | bnorton916 the Deep Elf Conjurer began the quest for the
                  | Orb.
     0 | D:1      | Reached XP level 1. HP: 10/10 MP: 6/6
   196 | D:1      | Reached XP level 2. HP: 4/15 MP: 5/8
  1003 | D:2      | Found a stormy altar of Qazlal.
  1081 | D:2      | Reached skill level 4 in Spellcasting
  1133 | D:2      | Reached skill level 5 in Conjurations
  1133 | D:2      | Reached XP level 3. HP: 19/19 MP: 5/10
  1175 | D:2      | Learned a level 2 spell: Searing Ray
  1179 | D:2      | Learned a level 3 spell: Dazzling Flash
  1199 | D:2      | You fall into a shaft and drop 1 floor!
  1299 | D:3      | Noticed Ijyb
  1312 | D:3      | Killed Ijyb
  1313 | D:3      | Reached XP level 4. HP: 24/24 MP: 3/12
  2400 | D:2      | Reached skill level 5 in Spellcasting
  2703 | D:2      | Found a white marble altar of Elyvilon.
  2717 | D:2      | Learned a level 4 spell: Fulminant Prism
  3049 | D:4      | Reached skill level 1 in Hexes
  3049 | D:4      | Reached XP level 5. HP: 28/28 MP: 10/14
  3337 | D:4      | Reached skill level 6 in Spellcasting
  3337 | D:4      | Reached XP level 6. HP: 32/32 MP: 2/17
  4044 | D:5      | Entered Level 5 of the Dungeon
  4045 | D:5      | Found a burning altar of Makhleb.
  4298 | D:5      | Reached skill level 7 in Spellcasting
  4298 | D:5      | Reached XP level 7. HP: 36/36 MP: 12/19
  4401 | D:5      | Learned a level 4 spell: Iskenderun's Mystic Blast
  4682 | D:5      | Reached skill level 1 in Translocations
  4979 | D:5      | Reached skill level 5 in Hexes
  5613 | D:6      | Noticed a gargoyle
  5618 | D:5      | Reached XP level 8. HP: 33/41 MP: 11/21
  5889 | D:6      | Killed a gargoyle
  5890 | D:6      | Reached skill level 8 in Spellcasting
  6062 | D:6      | Noticed Menkaure
  6069 | D:6      | Killed Menkaure
  6292 | D:6      | Found Agodyil's Antique Weapon Shoppe.
  7171 | D:7      | Reached skill level 1 in Air Magic
  7265 | D:7      | Reached skill level 9 in Spellcasting
  7720 | D:7      | Reached XP level 9. HP: 45/45 MP: 20/24
  7841 | D:7      | Found a staircase to the Ecumenical Temple.
  7848 | Temple   | Entered the Ecumenical Temple
  7978 | Temple   | Became a worshipper of Vehumet
  8102 | D:7      | Learned a level 2 spell: Swiftness
  8200 | D:7      | Found an ornate altar of the Wu Jian Council.
  8466 | D:8      | Reached skill level 5 in Translocations
  8743 | D:8      | Found a shadowy altar of Dithmenos.
  8743 | D:8      | Found a hide-covered altar of Uskayaw.
  8934 | D:8      | Reached * piety under Vehumet
  8934 | D:8      | Offered knowledge of Sandblast by Vehumet.
  9078 | D:8      | Found a runed translucent gate.
  9078 | D:8      | Found a runed translucent gate.
  9078 | D:8      | Found a runed translucent gate.
  9118 | D:8      | Noticed vvl's ghost (novice OpFi)
  9164 | D:8      | Reached skill level 10 in Spellcasting
  9164 | D:8      | Reached skill level 5 in Air Magic
  9389 | D:8      | Reached XP level 10. HP: 50/50 MP: 19/26
 10393 | D:8      | Slain by a troll

Illustrated notes

Levels and vault maps discovered:
D:1:      lemuel_arrival_river_ford, layout_rooms, minmay_crystal_water,
          amcnicky_mini_corridor_feature
D:2:      layout_loops_ring, lemuel_round_altar, grunt_qazlal_sundering,
          minmay_tall_x
D:3:      layout_basic, uniq_ijyb
D:4:      layout_rooms, serial_bayou_lagoon_a
D:5:      wander_river, layout_basic, lemuel_crystal_altar
D:6:      layout_rooms, serial_shops, shop, minmay_manual_monolith,
          uniq_menkaure
D:7:      minmay_flawed_box, layout_rooms, nzn_wu_jian_contemplation,
          minmay_temple_entry_glass
D:8:      layout_gridville, gammafunk_temple_overflow_elements,
          gammafunk_ghost_spectres
D:9:      layout_basic, minmay_lair_entry_grove, minivault_7
Temple:   nicolae_temple_elliptical

Skill      XL: |  1  2  3  4  5  6  7  8  9 10 |
---------------+-------------------------------+-----
Spellcasting   | 4 5 6 7 9 10 | 10.5
Conjurations   | 5 6 7 8 9 |  9.6
Hexes          | 1 2 4 5 7 8 9 |  9.0
Translocations | 2 4 6 |  6.5
Air Magic      | 2 5 6 |  6.2
Dodging        | |  2.4
Stealth        | |  2.4

Action                   |  1- 3 |  4- 6 |  7- 9 | 10-12 || total
-------------------------+-------+-------+-------+-------++-------
Melee: Unarmed           |     1 |     1 |       |       ||     2
       Dagger            |       |       |    14 |       ||    14
 Cast: Magic Dart        |    51 |    83 |   124 |     9 ||   267
       Searing Ray       |     2 |     6 |    29 |     9 ||    46
       Fulminant Prism   |       |     1 |    25 |     2 ||    28
       Iskenderun's Myst |       |       |       |     2 ||     2
  Use: Scroll            |       |       |     7 |     3 ||    10
 Stab: Sleeping          |       |       |     1 |       ||     1
Armor: Robe              |     2 |     2 |    17 |     8 ||    29
       Skin              |     2 |       |       |       ||     2
Dodge: Dodged            |    22 |    15 |    59 |    16 ||   112
